 Dungeon Crawl Stone Soup version 0.18.1-48-g4cf74bf (webtiles) character file.

254 theElss the Magician (level 5, -1/36 HPs)
             Began as a High Elf Conjurer on July 5, 2016.
             Slain by a slave (5 damage)
             ... led by Pikel
             ... on level 5 of the Dungeon.
             The game lasted 00:18:14 (3420 turns).

theElss the Magician (High Elf Conjurer)            Turns: 3420, Time: 00:18:15

Health: -1/36      AC:  3    Str:  8    XL:     5   Next: 90%
Magic:  8/14       EV: 13    Int: 18    God:
Gold:   190        SH:  0    Dex: 16    Spells: 3 memorised, 8 levels left

rFire  . . .     SeeInvis .     r - -3 flail (curse)
rCold  . . .     Gourm    .     a - +0 robe
rNeg   . . .     Faith    .     (no shield)
rPois  .         Spirit   .     (no helmet)
rElec  .         Dismiss  .     v - +0 cloak
rCorr  .         Reflect  .     (no gloves)
SustAt .         Harm     .     (no boots)
MR     .....                    (no amulet)
Stlth  ++........               (no ring)
                                (no ring)

@: very slightly contaminated, not resistant to hostile enchantments, unstealthy
A: no striking features
a: no special abilities


You were on level 5 of the Dungeon.
You were not hungry.

You visited 1 branch of the dungeon, and saw 5 of its levels.

You collected 190 gold pieces.

Inventory:

Hand Weapons
 j - a +0 whip
 r - a cursed -3 flail (weapon)
Armour
 a - a +0 robe (worn)
 v - a +0 cloak (worn)
Scrolls
 i - 2 scrolls of identify {unknown}
 k - a scroll of enchant armour {unknown}
 l - a scroll of magic mapping {unknown}
 m - a scroll of recharging {unknown}
 n - a scroll of teleportation {unknown}
 p - a scroll of remove curse {unknown}
 q - a scroll of amnesia {unknown}
Potions
 d - a potion of resistance {unknown}
 e - a potion of curing {unknown}
 f - 2 potions of heal wounds {unknown}
 g - a potion of lignification {unknown}
 h - a potion of flight {unknown}
 o - 2 potions of might {unknown}
 u - a potion of mutation {unknown}
Books
 b - a book of Conjurations

   Spells                             Type                      Level
   a - Magic Dart                     Conjuration                  1
   b - Searing Ray                    Conjuration                  2
   c - Dazzling Spray                 Conjuration/Hexes            3
   d - Fulminant Prism                Conjuration/Hexes            4
   e - Iskenderun's Mystic Blast      Conjuration                  4
   f - Iskenderun's Battlesphere      Conjuration/Charms           5
Comestibles
 c - a bread ration
 s - 2 fruits


   Skills:
 * Level 2.8 Fighting
 + Level 2.9 Dodging
 - Level 2.1 Stealth
 * Level 5.7 Spellcasting
 - Level 4.3 Conjurations


You had 8 spell levels left.
You knew the following spells:

 Your Spells              Type           Power        Failure   Level  Hunger
a - Magic Dart            Conj           ###.         1%          1    None
c - Searing Ray           Conj           ###...       3%          2    None
d - Iskenderun's Mystic   Conj           ###.....     24%         4    ####...


Dungeon Overview and Level Annotations

Branches:
Dungeon (5/15)
 Temple: D:4-7

Altars:
The Shining One

Annotations:
D:3 zeroDi's ghost, amateur VSAs
D:4 Pikel


Message History

The searing ray hits the slave.
The slave is almost dead.
The slave closely misses you. The iguana bites you.
The orc wizard closely misses you.
The orc wizard gestures at you while chanting.
The magic dart hits you!
* * * LOW HITPOINT WARNING * * *
The orc closely misses you. The orc hits you with a hand axe.
* * * LOW HITPOINT WARNING * * *
Casting: Searing Ray
Confirm with . or Enter, or press ? or * to list all spells.
Aiming: Searing Ray
Press: ? - help, Shift-Dir - straight line, f/p - slave
Aim: a slave, wearing an animal skin (almost dead)
You miscast Searing Ray.
You are very lightly contaminated with residual magic.
Nothing appears to happen.
The slave barely misses you. The orc hits you but does no damage.
The slave hits you.
You die...

#### ...
####.##
#.....###
##@......#
##op8oo.8..
#..l.......
#.....8....
#..<.....>.
#.....8....
#..........
##..8...8..
##$......#


You could see a slave, an iguana, an orc wizard and 2 orcs.

Vanquished Creatures
  A scorpion (D:4)
  Crazy Yiuf (D:2)
  Terence (D:2)
  Natasha (thrice) (D:2)
  2 adders (D:3)
  2 worms
  2 dart slugs (D:2)
  3 giant geckos
  A ball python (D:1)
  3 giant cockroaches
  6 hobgoblins
  A jackal (D:2)
  5 kobolds
  3 quokkas (D:2)
  4 bats
  2 giant newts (D:1)
  5 goblins
  A jackal skeleton (D:4)
  6 rats
52 creatures vanquished.

Notes
Turn   | Place    | Note
--------------------------------------------------------------
     0 | D:1      | theElss the High Elf Conjurer began the quest for the Orb.
     0 | D:1      | Reached XP level 1. HP: 11/11 MP: 4/4
   562 | D:1      | Reached XP level 2. HP: 18/18 MP: 3/6
   623 | D:1      | Reached skill level 1 in Fighting
   821 | D:1      | Reached skill level 3 in Spellcasting
   957 | D:1      | Learned a level 2 spell: Searing Ray
  1042 | D:2      | Noticed Natasha
  1050 | D:2      | Killed Natasha
  1050 | D:2      | Reached XP level 3. HP: 5/24 MP: 0/8
  1317 | D:2      | Noticed Terence
  1582 | D:3      | Noticed zeroDi's ghost (amateur VSAs)
  1756 | D:2      | Noticed Natasha
  1764 | D:2      | Killed Natasha
  1764 | D:2      | Reached skill level 4 in Spellcasting
  1764 | D:2      | Reached XP level 4. HP: 16/29 MP: 6/11
  1770 | D:2      | Learned a level 4 spell: Iskenderun's Mystic Blast
  1924 | D:2      | Found a glowing golden altar of the Shining One.
  1972 | D:2      | Noticed Natasha
  1976 | D:2      | Killed Natasha
  2412 | D:2      | Killed Terence
  2412 | D:2      | Reached XP level 5. HP: 26/35 MP: 1/13
  2946 | D:2      | Noticed Crazy Yiuf
  2954 | D:2      | Killed Crazy Yiuf
  2954 | D:2      | Reached skill level 5 in Spellcasting
  3384 | D:4      | Noticed Pikel
  3384 | D:4      | Noticed a slave
  3385 | D:4      | Noticed a slave
  3385 | D:4      | Noticed a slave
  3410 | D:5      | Entered Level 5 of the Dungeon
  3420 | D:5      | Slain by a slave

Skill      XL: |  1  2  3  4  5 |
---------------+----------------+-----
Fighting       | 1 2 |  2.8
Spellcasting   | 3 4 5 |  5.7
Dodging        | |  2.9
Stealth        | |  2.1
Conjurations   | |  4.3

Action                   |  1- 3 |  4- 6 || total
-------------------------+-------+-------++-------
Melee: Unarmed           |     1 |       ||     1
 Cast: Magic Dart        |    62 |    66 ||   128
       Searing Ray       |     2 |    11 ||    13
       Iskenderun's Myst |       |     1 ||     1
  Eat: Chunk             |     2 |     6 ||     8
Armor: Robe              |     1 |     5 ||     6
Dodge: Dodged            |     4 |    27 ||    31
